 Dungeon Crawl Stone Soup version 0.20-a0-299-gec7c366 (webtiles) character file.

417 snakesoul the Sneak (level 6, -7/41 HPs)
             Began as a Vampire Enchanter on Dec 15, 2016.
             Killed by divine providence
             ... invoked by an orc priest
              (12 damage)
             ... on level 4 of the Dungeon.
             The game lasted 00:12:57 (5771 turns).

snakesoul the Sneak (Vampire Enchanter)             Turns: 5771, Time: 00:12:58

Health: -7/41      AC:  6    Str:  7    XL:     6   Next: 61%
Magic:  5/20       EV: 13    Int: 18    God:
Gold:   221        SH:  0    Dex: 16    Spells: 6/12 levels left

rFire  + . .     SeeInvis +     a - +1 dagger
rCold  + . .     Gourm    .     q - +2 robe {rF+}
rNeg   + + .     Faith    .     (no shield)
rPois  +         Spirit   .     (no helmet)
rElec  .         Reflect  .     x - +0 cloak
rCorr  .         Harm     .     v - +0 pair of gloves
MR     .....                    (no boots)
Stlth  +++++.....               (no amulet)
                                (no ring)
                                j - ring of magical power

@: regenerating slowly
A: fangs 3, see invisible, unbreathing
a: Bat Form


You were on level 4 of the Dungeon.
You were thirsty.

You visited 1 branch of the dungeon, and saw 4 of its levels.

You collected 221 gold pieces.

Inventory:

Hand Weapons
 a - a +1 dagger (weapon)
Armour
 q - a +2 robe of fire resistance (worn)
 v - a +0 pair of gloves (worn)
 x - a +0 cloak (worn)
Jewellery
 j - a ring of magical power (left hand)
 u - an uncursed ring of see invisible {unknown}
Scrolls
 b - 2 scrolls of teleportation {unknown}
 d - 2 scrolls of enchant armour {unknown}
 e - 3 scrolls of amnesia
 f - 5 scrolls of identify
 g - a scroll of noise {unknown}
 i - 2 scrolls of enchant weapon {unknown}
 o - 5 scrolls of recharging {unknown}
 r - a scroll of blinking {unknown}
 s - a scroll of fear {unknown}
 t - a scroll of fog {unknown}
Potions
 h - a potion of cure mutation {unknown}
 k - 2 potions of curing {unknown}
 l - 3 potions of agility {unknown}
 m - 2 potions of flight {unknown}
 n - a potion of ambrosia {unknown}
 p - a potion of resistance {unknown}
 w - 2 potions of magic {unknown}
 z - a potion of haste {unknown}
Books
 c - a book of Maledictions

   Spells                             Type                      Level
   a - Corona                         Hexes                        1
   b - Ensorcelled Hibernation        Hexes/Ice                    2
   c - Confuse                        Hexes                        3
   d - Tukima's Dance                 Hexes                        3
   e - Dazzling Spray                 Conjuration/Hexes            3


   Skills:
 + Level 4.1 Short Blades
 - Level 2.1 Dodging
 + Level 6.8 Stealth
 + Level 3.6 Spellcasting
 + Level 6.4 Hexes


You had 6 spell levels left.
You knew the following spells:

 Your Spells              Type           Power        Failure   Level  Hunger
a - Corona                Hex            ####...      1%          1    None
b - Ensorcelled Hibernat  Hex/Ice        ##....       8%          2    ##.....
c - Confuse               Hex            ####....     3%          3    ###....


Dungeon Overview and Level Annotations

Branches:
Dungeon (4/15)
 Temple: D:4-7

Altars:


Innate Abilities, Weirdness & Mutations

You heal slowly.
You have razor-sharp teeth.
You have supernaturally acute eyesight. (SInv)
You can survive without breathing.


Message History

Unknown command.
The orc wizard hits you but does no damage.
The orc wizard closely misses you. The orc priest barely misses you.
Unknown command.
Unknown command.
The orc wizard casts a spell.
The orc wizard barely misses you.
The orc wizard gestures wildly while chanting.
The orc wizard blinks!
The orc wizard gestures at you while chanting.
The magic dart hits you!
* * * LOW HITPOINT WARNING * * *
The orc priest calls down the wrath of Beogh upon you.
Pain shoots through your body!
* * * LOW HITPOINT WARNING * * *
The orc wizard mumbles some strange words.
The orc wizard blinks!
The orc priest invokes the aid of Beogh against you.
Beogh smites you!
You die...

...........#...§..#.
##........#.#.##.#...
###.............##.####
#..............###.#
#.......§.......##.#
#...........o...##.#
#............#..##.#
#...........##o..#o#
#...o.@...o###.o.#.###
#....<.....# ##.#....#
#.).)......# #.#....#
#.)...)....# #......#
############ ###....#
#....# #....# #....#
#....#


You could see an orc priest, an orc wizard and an orc.

Vanquished Creatures
  Sigmund (D:2)
  Crazy Yiuf (D:3)
  2 orc priests
  An orc wizard (D:4)
  Ijyb (D:2)
  4 adders
  An adder skeleton (D:4)
  A worm (D:3)
  A dart slug (D:3)
  2 leopard geckos
  11 orcs
  4 giant cockroaches
  7 goblins
  9 hobgoblins
  4 jackals (D:1)
  8 kobolds
  9 bats
  3 frilled lizards
  5 rats
75 creatures vanquished.

Notes
Turn   | Place    | Note
-------+----------+-------------------------------------------
     0 | D:1      | snakesoul the Vampire Enchanter began the quest for the Orb.
     0 | D:1      | Reached XP level 1. HP: 13/13 MP: 3/3
   489 | D:1      | Reached XP level 2. HP: 19/19 MP: 5/5
  1622 | D:2      | Learned a level 2 spell: Ensorcelled Hibernation
  1896 | D:2      | Noticed Ijyb
  1907 | D:2      | Killed Ijyb
  1907 | D:2      | Reached skill level 5 in Stealth
  1907 | D:2      | Reached skill level 5 in Hexes
  1907 | D:2      | Reached XP level 3. HP: 23/24 MP: 6/6
  2047 | D:2      | Noticed Sigmund
  2072 | D:2      | Killed Sigmund
  2072 | D:2      | Reached XP level 4. HP: 26/30 MP: 8/8
  2072 | D:2      | Reached XP level 5. HP: 30/35 MP: 8/9
  2651 | D:2      | Learned a level 3 spell: Confuse
  3029 | D:3      | Reached XP level 6. HP: 41/41 MP: 10/10
  3353 | D:3      | Found a runed door.
  3799 | D:3      | Noticed Crazy Yiuf
  3809 | D:3      | Killed Crazy Yiuf
  5771 | D:4      | Killed from afar by an orc priest

Vault maps used:
D:1:      elethiomel_arrival_infinity_welcomes_careful_drivers
D:2:      uniq_sigmund, uniq_iyjb
D:3:      kb_forest_paths, uniq_crazy_yiuf_cottage

Skill      XL: |  1  2  3  4  5  6 |
---------------+-------------------+-----
Short Blades   | 2 3 4 |  4.1
Stealth        | 5 6 |  6.8
Hexes          | 5 6 |  6.4
Spellcasting   | 3 |  3.6
Dodging        | |  2.1

Action                   |  1- 3 |  4- 6 || total
-------------------------+-------+-------++-------
Melee: Dagger            |   101 |    99 ||   200
       Bite              |    11 |     3 ||    14
 Cast: Corona            |     3 |     4 ||     7
       Ensorcelled Hiber |     6 |    49 ||    55
  Use: Scroll            |       |     2 ||     2
 Stab: Sleeping          |    12 |    35 ||    47
       Distracted        |     2 |       ||     2
  Eat: Corpse            |       |     5 ||     5
Armor: Robe              |    21 |    21 ||    42
Dodge: Dodged            |    43 |    69 ||   112
